 Dungeon Crawl Stone Soup version 0.13.0-26-gf7ffa3a (webtiles) character file.

79 Lilouch the Magician (level 3, -1/23 (24) HPs)
             Began as a Ghoul Wizard on Nov 1, 2013.
             Slain by a hobgoblin
             ... wielding a +0,+0 hand axe
              (8 damage)
             ... on Level 2 of the Dungeon.
             The game lasted 00:12:44 (1427 turns).

Lilouch the Magician (Ghoul Wizard)                 Turns: 1427, Time: 00:12:44

HP  -1/23 (24)   AC  2     Str 10      XL: 3   Next: 20%
MP   0/9         EV 11     Int 14      God:
Gold 49          SH  0     Dex  7      Spells:  1 memorised,  7 levels left

Res.Fire  : . . .   See Invis. : .   n - -3,+0 sling (curse)
Res.Cold  : + . .   Warding    : .   a - +0 robe
Life Prot.: + + +   Conserve   : .   (no shield)
Res.Poison: +       Res.Corr.  : .   b - +0 wizard hat
Res.Elec. : .       Clarity    : .   (no cloak)
Sust.Abil.: . .     Spirit.Shd : .   (no gloves)
Res.Mut.  : .       Stasis     : .   (no boots)
Res.Rott. : +       Flight     : .   (no amulet)
Saprovore : + + +                    (no ring)
                                     (no ring)

@: rotting, not resistant to hostile enchantments, unstealthy
A: rotting body, claws 1, carnivore 3, cold resistance 1, life protection 3,
poison resistance, saprovore 3, slow healing 1, torment resistance, unbreathing
a: no special abilities


You were on level 2 of the Dungeon.
You were not hungry.

You visited 1 branch of the dungeon, and saw 2 of its levels.

You collected 29 gold pieces.

Inventory:

Hand weapons
 n - a cursed -3,+0 sling (weapon)
Missiles
 e - 19 darts
 p - 4 stones (quivered)
Armour
 a - a +0 robe (worn)
 b - a +0 wizard hat (worn)
Comestibles
 i - a rotting chunk of giant cockroach flesh
 m - a bread ration
 o - a pear
Scrolls
 d - 3 scrolls of identify {unknown}
 g - a scroll of remove curse {unknown}
 h - a scroll of recharging {unknown}
 k - a scroll of curse armour {unknown}
Potions
 f - a potion of brilliance {unknown}
Books
 c - a book of Minor Magic

   Spells                             Type                      Level
   *Magic Dart                        Conjuration                  1
   Blink                              Translocation                2
   Call Imp                           Summoning                    2
   Repel Missiles                     Charms/Air                   2
   Slow                               Hexes                        2
   Conjure Flame                      Conjuration/Fire             3
   Mephitic Cloud                     Conjuration/Poison/Air       3


   Skills:
 - Level 1.7 Dodging
 - Level 2.2 Stealth
 + Level 3.1 Spellcasting
 + Level 1.8 Conjurations
   Level 0.8 Summonings
   Level 0.8 Translocations


You had 7 spell levels left.
You knew the following spells:

 Your Spells              Type           Power        Failure   Level  Hunger
a - Magic Dart            Conj           #...         12%         1    #......


Dungeon Overview and Level Annotations

Branches:
Dungeon (2/27)

Altars:


Innate Abilities, Weirdness & Mutations

Your body is rotting away.
You have sharp fingernails.
You are carnivorous and can eat meat at any time.
Your flesh is cold resistant.
You are immune to negative energy.
Your system is resistant to poisons.
You thrive on rotten meat.
You heal slowly.
You are immune to unholy pain and torment.
You can survive without breathing.


Message History

Press: ? - help, Shift-Dir - straight line, f/p - hobgoblin
Aim: a hobgoblin, wielding a hand axe and wearing a ring mail (moderately wounded)
The magic dart hits the hobgoblin.
The hobgoblin is moderately wounded.
Casting: Magic Dart
Confirm with . or Enter, or press ? or * to list all spells.
You don't have enough magic to cast that spell.
Unknown command.
Firing (i - inventory. (,) - cycle):
p - 6 stones (quivered)
Press: ? - help, Shift-Dir - straight line, f/p - hobgoblin
Aim: a hobgoblin, wielding a hand axe and wearing a ring mail (moderately wounded)
You shoot a stone. The stone misses the hobgoblin.
The hobgoblin barely misses you.
Firing (i - inventory. (,) - cycle):
p - 5 stones (quivered)
Press: ? - help, Shift-Dir - straight line, f/p - hobgoblin
Aim: a hobgoblin, wielding a hand axe and wearing a ring mail (moderately wounded)
You shoot a stone. The stone hits the hobgoblin.
The hobgoblin is moderately wounded.
The hobgoblin hits you with a hand axe!
You die...

#.#..#.# ....# ###....#.#
#...# ....#..#.# #....
.........#############.##.
#......##........(..##.
#######.........#########.##(
.........<.........# #....#
...#######.%###.####.##
###...#. #.# #..#
#@###...###....... #.# #..#
#.gr.)....)....).. #.# #..#
#####...###.......
#.########..# ##.## ###.[.#.
##...........########.#
#...#.
.....######...........#
###.#.
............########### #...
....<#####..# #... .....#
#..# #.#.


You could see a hobgoblin and a rat.

Vanquished Creatures
  3 giant cockroaches
  3 hobgoblins
  A ball python (D:1)
  4 bats
  5 giant newts
  6 goblins
  3 kobolds
  8 rats
33 creatures vanquished.

Notes
Turn   | Place    | Note
--------------------------------------------------------------
     0 | D:1      | Lilouch, the Ghoul Wizard, began the quest for the Orb.
     0 | D:1      | Reached XP level 1. HP: 12/12 MP: 5/5
   214 | D:1      | Reached skill level 1 in Conjurations
   303 | D:1      | Reached XP level 2. HP: 18/18 MP: 2/7
   382 | D:1      | Reached skill level 3 in Spellcasting
  1055 | D:2      | Reached XP level 3. HP: 24/24 MP: 0/9
  1427 | D:2      | Slain by a hobgoblin

Action                   || total
-------------------------++-------
Melee: Unarmed           ||     4
       Sling             ||     4
 Fire: Sling             ||    15
Throw: Dart              ||    33
 Cast: Magic Dart        ||    93
